cohdb
Replays
Latest Replays
All Replays
Popular Replays
Top Player Replays
Match Explorer
How It Works
Community
CoH3 Stats
Reddit
Sign in to upload your games and track your stats! →
Sign in with Steam
Match 41688057
Unlisted
Match 41688057
Overview
Messages
Build Orders
End
Panzergrenadier Squad
Selects Italian Infantry
Kradschützen Motorcycle Team
250 Light Carrier
Construct Light Support Kompanie
Assault Grenadier Squad
Fire Support Elements
MG34 Team
Selects Guastatori Squad
Selects L6/40 Light Tank Combat Group
Guastatori Squad
Veteran Squad Leaders
Panzerjäger Mechanized Group
Construct Panzerarmee Kommand
Selects Defensive Operations
Emergency Repair Kits
Panzer III L Medium Tank
Selects Towed Cannone da 105/28 Field Howitzer
Towed Cannone da 105/28 Field Howitzer
Selects Prepared Positions
Panzer III L Medium Tank
Panzer III L Medium Tank
Jansen
İmperial Star Destroyer
incel_incinerat0r
Deuceses22
0
0
Comments
sign in to comment!
No comments posted yet!